AoeStats
← DKing

Arena

509487978Analyzed
4v4 RM · 6d ago on Sep 26, 2026· 42m 16s· 8 players
Game mode
Random Map
Map size
Large (8 player)
Population
200
Speed
Normal
Resources
Standard
Victory
Conquest
Starting age
Dark Age
Ending age
Imperial Age
RankedLock teamsTeams togetherTeam positionsShared explorationLock speedFull tech treeHidden civsTurbo modeCheats
Victory
Defeat
🇨🇦 Gurjaras · Canada
1234
+15
🇨🇦 Danes · Canada
1218
+16
🇺🇸 Lithuanians · United States
1205
+16
🇨🇴 Vikings · Colombia
1175
+17
🇵🇹 Goths · Portugal
1241
-17
🇩🇪 Poles · Germany
1229
-17
🇹🇼 Danes · Taiwan
1218
-16
🇳🇿 Celts · New Zealand
1168
-14
sfam1144141
11:23 Feudal Age
12:38 Double-Bit Axe
15:05 Castle Age
14:00 Horse Collar
14:56 Loom
16:19 Scale Mail Armor
17:55 Chain Mail Armor
17:52 Forging
25:39 Forging
30:11 Iron Casting
31:37 Gold Mining
34:06 Bow Saw
34:44 Heavy Plow
37:28 Wheelbarrow
38:30 Man-at-Arms
42:27 Imperial Age
39:43 Long Swordsman
40:09 Gambesons
40:24 Squires
40:10 Arson
EigenVector
10:22 Feudal Age
14:35 Castle Age
12:55 Double-Bit Axe
13:33 Horse Collar
14:06 Gold Mining
15:45 Bow Saw
16:44 Fletching
17:26 Forging
22:46 Wheelbarrow
23:19 Bodkin Arrow
24:19 Bloodlines
25:39 Padded Archer Armor
25:44 Husbandry
27:47 Hand Cart
28:00 Leather Archer Armor
31:44 Imperial Age
29:39 Scale Mail Armor
30:14 Iron Casting
30:02 Ballistics
30:14 Thumb Ring
31:28 Gold Shaft Mining
30:58 Loom
32:04 Chain Mail Armor
32:01 Murder Holes
32:31 Bracer
32:30 Elite Elephant Archer
34:36 Chemistry
38:41 Plate Mail Armor
40:36 Scale Barding Armor
40:06 Elite Chakram Thrower
40:42 Arson
41:40 Conscription
Octosaurus
11:31 Feudal Age
15:07 Castle Age
13:52 Double-Bit Axe
13:49 Horse Collar
16:28 Bow Saw
22:27 Wheelbarrow
27:39 Imperial Age
25:23 Gold Mining
26:22 Heavy Plow
26:32 Scale Barding Armor
26:37 Forging
26:55 Bloodlines
27:04 Stone Mining
27:35 Husbandry
27:48 Cavalier
29:21 Chain Barding Armor
29:37 Iron Casting
29:19 Paladin
31:48 Two-Man Saw
31:35 Conscription
30:51 Light Cavalry
32:22 Crop Rotation
34:29 Plate Barding Armor
36:13 Caravan
36:46 Masonry
36:18 Treadmill Crane
37:01 Winged Hussar
38:12 Fletching
39:25 Chemistry
38:57 Architecture
40:53 Ballistics
42:00 Hoardings
41:23 Bodkin Arrow
41:29 Padded Archer Armor
41:29 Murder Holes
Cookie Monster
10:24 Feudal Age
14:41 Castle Age
13:11 Double-Bit Axe
14:30 Horse Collar
16:24 Bow Saw
17:38 Heavy Plow
23:51 Fortified Wall
23:36 Treadmill Crane
29:52 Imperial Age
27:57 Gold Mining
27:57 Stone Mining
29:13 Gold Shaft Mining
28:51 Forging
28:41 Scale Mail Armor
28:46 Squires
28:31 Arson
29:23 Loom
29:23 Town Watch
30:40 Iron Casting
30:00 Elite Varangian Guard
31:04 Chain Mail Armor
32:11 Chemistry
31:32 Ballistics
33:31 Town Patrol
36:51 Conscription
derquatze
8:32 Loom
10:19 Feudal Age
14:52 Wheelbarrow
17:41 Castle Age
15:32 Horse Collar
16:07 Double-Bit Axe
16:40 Stone Mining
17:41 Gold Mining
23:08 Bow Saw
25:50 Szlachta Privileges
26:38 Bloodlines
34:08 Fletching
37:02 Ballistics
38:42 Bodkin Arrow
38:48 Padded Archer Armor
taj
10:47 Feudal Age
15:04 Castle Age
13:39 Horse Collar
13:47 Double-Bit Axe
16:08 Bow Saw
24:33 Wheelbarrow
29:03 Imperial Age
28:35 Hand Cart
28:55 Forging
28:47 Scale Mail Armor
28:56 Squires
28:42 Arson
28:42 Gambesons
30:20 Conscription
29:21 Elite Jomsviking
30:41 Iron Casting
30:16 Heavy Plow
30:22 Stone Mining
31:28 Chain Mail Armor
33:54 Pikeman
36:38 Blast Furnace
36:09 Plate Mail Armor
36:44 Heavy Scorpion
39:12 Halberdier
40:32 Fletching
DKing
10:46 Feudal Age
11:45 Loom
12:42 Wheelbarrow
13:03 Double-Bit Axe
15:40 Castle Age
13:49 Horse Collar
18:13 Bow Saw
18:57 Heavy Plow
23:47 Hand Cart
26:28 Town Watch
28:11 Scale Mail Armor
28:21 Forging
30:47 Imperial Age
28:19 Man-at-Arms
29:00 Squires
29:42 Gold Mining
29:36 Long Swordsman
31:14 Two-Handed Swordsman
31:15 Pikeman
32:40 Chain Mail Armor
33:18 Conscription
34:34 Chemistry
34:42 Iron Casting
33:31 Champion
35:23 Anarchy
35:27 Perfusion
37:23 Blast Furnace
36:39 Elite Huskarl
41:06 Padded Archer Armor
scrawnny12
11:11 Feudal Age
12:02 Horse Collar
12:13 Double-Bit Axe
14:52 Castle Age
15:38 Wheelbarrow
16:21 Bow Saw
18:14 Gold Mining
20:32 Pikeman
26:25 Heavy Plow
31:51 Imperial Age
29:55 Ballistics
30:13 Scale Mail Armor
30:23 Forging
30:13 Scale Mail Armor
30:18 Stone Mining
31:06 Gold Shaft Mining
31:17 Hand Cart
30:27 Man-at-Arms
30:53 Gambesons
31:38 Chain Mail Armor
31:43 Long Swordsman
32:25 Two-Handed Swordsman
33:37 Plate Mail Armor
33:42 Iron Casting
34:33 Chemistry
33:40 Siege Engineers
33:09 Champion
33:35 Heavy Scorpion
34:28 Halberdier
35:32 Loom
37:09 Blast Furnace
36:14 Fletching
Connection lost

Rejoining the realm…

Still unreachable

The connection could not be restored.

Session expired

The server has moved on; the page needs a fresh start.